 Dungeon Sprint DCSS version 0.13-a0-2648-g56e3d78 (console) character file.

5990 5ubbak the Severer (level 10, 0/95 HPs)
             Began as a Lava Orc Berserker on Aug 9, 2013.
             Was a High Priest of Trog.
             Slain by a demonic crawler (2 damage)
             ... in the Dungeon (Sprint I: "Red Sonja").
             The game lasted 00:14:17 (1720 turns).

5ubbak the Severer (Lava Orc Berserker)             Turns: 1720, Time: 00:14:17

HP   0/95        AC 13     Str 24      XL: 10   Next: 46%
MP   9/9         EV  8     Int  7      God: Trog [*****.]
Gold 367         SH  0     Dex 10      Spells:  0 memorised,  9 levels left

Res.Fire  : + . .   See Invis. : .   a - +0 orc hand axe {=f}
Res.Cold  : . . .   Warding    : .   j - +0 chain mail
Life Prot.: . . .   Conserve   : .   (no shield)
Res.Poison: .       Res.Corr.  : .   (no helmet)
Res.Elec. : .       Clarity    : .   k - +0 cloak
Sust.Abil.: . .     Spirit.Shd : .   (no gloves)
Res.Mut.  : .       Prev.Telep.: +   (no boots)
Res.Rott. : .       Flight     : .   (no amulet)
Saprovore : + . .                    (no ring)
                                     (no ring)

@: exhausted, very slightly contaminated, hasted and slowed, very slow, somewhat
resistant to hostile enchantments, extremely unstealthy
A: conserve scrolls, deformed body, deterioration 2, herbivore 2, fast
metabolism 3, saprovore 1, slowness 1
a: Burn Spellbooks, Berserk, Trog's Hand, Brothers in Arms, Renounce Religion


You were in the Dungeon.
You worshipped Trog.
Trog was exalted by your worship.
You were not hungry.

You visited 1 branch You collected 970 gold pieces.
You spent 623 gold pieces at shops.

Inventory:

Hand weapons
 a - a +0,+0 orcish hand axe (weapon) {=f}
Armour
 j - a +0 chain mail (worn)
 k - a +0 cloak (worn)
 o - a +0 troll hide
Comestibles
 p - a meat ration
Scrolls
 l - a scroll of enchant weapon I {unknown}
 m - a scroll of remove curse {unknown}
 n - a scroll of fear {unknown}
Jewellery
 b - the ring of Starshine {rPois SInv Stlth++}
   (You bought it in a shop in the Dungeon)

   [ring of see invisible]

   It protects you from poison.
   It makes you much more stealthy.
Potions
 d - 4 potions of curing
 e - a potion of heal wounds
 g - 2 potions of magic
 h - a potion of berserk rage


   Skills:
 + Level 15.5 Fighting
 + Level 17.1 Axes
 + Level 11.7 Armour
 + Level 9.0 Dodging
 + Level 2.9 Stealth


You had 9 spell levels left.
You didn't know any spells.

Dungeon Overview and Level Annotations

Branches:
Dungeon (1/1)

Altars:
Ashenzari
Elyvilon
Kikubaaqudgha
Sif Muna
Trog
Vehumet

Shops:
D: !+[[!=[

Annotations
D exclusion: oklob plant


Innate Abilities, Weirdness & Mutations

You have stony skin.
You cover ground slowly.
Your flesh is heat resistant.
Your flesh is vulnerable to cold.
Your heat harms attackers.
You bathe your surroundings in blazing heat.
You are too hot to use scrolls.
You are very good at protecting items from fire.
You can tolerate rotten meat.
Armour fits poorly on your strangely shaped body.
Your body is deteriorating.
You digest meat very inefficiently.
Your metabolism is lightning-fast.
You cover ground slowly.


Message History

The demonic crawler hits you but does no damage.
The demonic crawler hits you.
* * * LOW HITPOINT WARNING * * *
The demonic crawler barely misses you.
Drink which item? (? for menu, Esc to quit)
You feel yourself speed up.
The demonic crawler hits you but does no damage.
The demonic crawler hits you!
* * * LOW HITPOINT WARNING * * *
The demonic crawler barely misses you. The demonic crawler hits you.
* * * LOW HITPOINT WARNING * * *
The demonic crawler completely misses you.
The demonic crawler barely misses you.
The demonic crawler hits you but does no damage.
There is a bloodstained altar of Trog here.
A dart hits the demonic crawler, but does no damage!
There is an open door here.
Your movements slow.
A dart hits the demonic crawler!
The demonic crawler hits you.
You die...

##########################
#<<#..').#..'..#__#..)...#
#<.').#..'%.#..s^.'.)#.§.##+#
#..#####'#####@#__####...%..#
#..####..#...#.####..#####..+
#..#_.####..##.#≈§≈..#§.# +##
#..#.....##'#..§§§§).'§.#
#⌠⌠#_.∩.[.'..._#§§§..#..#
####.....##_.#'##'#####+#
#_._._###'#.#§(.)###P+
############.####'###.###
#∩........'...'(((..'.∩#


You could see a demonic crawler.

Vanquished Creatures
  2 centaur warriors (D)
  A deep troll (D)
  A giant amoeba (D)
  2 shining eyes (D)
  2 demonic crawlers (D)
  A hellwing (D)
  Sonja (D)
  An elephant slug (D)
  2 kobold demonologists (D)
  A yellow wasp (D)
  An ogre (D)
  Sigmund (D)
  Ijyb (D)
  A jelly (D)
  3 giant eyeballs (D)
  2 ballistomycetes (D)
23 creatures vanquished.

Vanquished Creatures (collateral kills)
  6 shining eyes (D)
  2 giant eyeballs (D)
8 creatures vanquished.

Vanquished Creatures (others)
  A metal gargoyle (D)
  An ogre (D)
  2 giant spores (D)
4 creatures vanquished.

Grand Total: 35 creatures vanquished

Notes
Turn   | Place    | Note
--------------------------------------------------------------
     0 | D        | 5ubbak, the Lava Orc Berserker, began the quest for the Orb.
     0 | D        | Reached XP level 1. HP: 19/19 MP: 0/0
     1 | D        | Noticed Ijyb
    11 | D        | Killed Ijyb
    11 | D        | Reached skill level 5 in Fighting
    11 | D        | Reached skill level 5 in Axes
    11 | D        | Reached XP level 2. HP: 27/27 MP: 1/1
    12 | D        | Noticed an ogre
    17 | D        | Killed an ogre
    17 | D        | Reached skill level 7 in Fighting
    17 | D        | Reached XP level 3. HP: 8/34 MP: 2/2
    17 | D        | Reached XP level 4. HP: 9/41 MP: 3/3
   232 | D        | Noticed Sigmund
   237 | D        | Killed Sigmund
   237 | D        | Acquired Trog's second power
   237 | D        | Reached skill level 8 in Fighting
   237 | D        | Reached skill level 9 in Axes
   237 | D        | Reached XP level 5. HP: 49/49 MP: 4/4
   324 | D        | Found a white marble altar of Elyvilon.
   326 | D        | Found a white marble altar of Elyvilon.
   357 | D        | Found a radiant altar of Vehumet.
   357 | D        | Found a deep blue altar of Sif Muna.
   357 | D        | Found Hesir's Armour Emporium.
   357 | D        | Found an ancient bone altar of Kikubaaqudgha.
   357 | D        | Found a white marble altar of Elyvilon.
   357 | D        | Noticed an elephant slug
   379 | D        | Killed an elephant slug
   379 | D        | Reached skill level 10 in Fighting
   379 | D        | Reached skill level 10 in Axes
   379 | D        | Reached XP level 6. HP: 58/58 MP: 5/5
   421 | D        | Found a white marble altar of Elyvilon.
   425 | D        | Bought a +0 chain mail for 161 gold pieces
   455 | D        | Found a bloodstained altar of Trog.
   455 | D        | Found a radiant altar of Vehumet.
   455 | D        | Found a shattered altar of Ashenzari.
   455 | D        | Found a radiant altar of Vehumet.
   455 | D        | Noticed a giant amoeba
   462 | D        | Killed a giant amoeba
   462 | D        | Reached skill level 12 in Fighting
   462 | D        | Reached skill level 5 in Armour
   462 | D        | Reached skill level 5 in Dodging
   462 | D        | Reached skill level 1 in Stealth
   462 | D        | Reached XP level 7. HP: 67/67 MP: 6/6
   548 | D        | Noticed a kobold demonologist
   549 | D        | Noticed a hellwing
   549 | D        | Noticed a kobold demonologist
   553 | D        | Killed a kobold demonologist
   553 | D        | Reached skill level 13 in Axes
   553 | D        | Paralysed by a giant eyeball for 2 turns
   559 | D        | Killed a hellwing
   563 | D        | Killed a kobold demonologist
   563 | D        | Acquired Trog's third power
   563 | D        | Reached XP level 8. HP: 75/75 MP: 7/7
   610 | D        | Noticed a centaur warrior
   613 | D        | Noticed a centaur warrior
   625 | D        | Killed a centaur warrior
   625 | D        | Reached skill level 14 in Axes
   625 | D        | Killed a centaur warrior
   625 | D        | Reached XP level 9. HP: 18/84 MP: 8/8
   846 | D        | Noticed a yellow wasp
   850 | D        | Paralysed by a yellow wasp for 1 turns
   852 | D        | Killed a yellow wasp
   852 | D        | Reached skill level 15 in Axes
  1030 | D        | Noticed an oklob plant
  1074 | D        | Noticed a deep troll
  1080 | D        | Killed a deep troll
  1197 | D        | Found Juossi's Armour Emporium.
  1214 | D        | Noticed Sonja
  1231 | D        | Killed Sonja
  1236 | D        | Killed a metal gargoyle
  1459 | D        | Found Ogitil's Distillery.
  1468 | D        | Bought a potion of curing for 20 gold pieces
  1476 | D        | Noticed a shining eye
  1476 | D        | Noticed a shining eye
  1476 | D        | Noticed a shining eye
  1476 | D        | Noticed a shining eye
  1476 | D        | Noticed a shining eye
  1476 | D        | Noticed a shining eye
  1477 | D        | Paralysed by a giant eyeball for 4 turns
  1479 | D        | Gained mutation: You cover ground slowly. [a shining eye]
  1479 | D        | Gained mutation: You have a fast metabolism. [a shining eye]
  1480 | D        | Killed a shining eye
  1480 | D        | Gained mutation: Your body is slowly deteriorating. [a shining eye]
  1481 | D        | Gained mutation: You digest meat inefficiently. [a shining eye]
  1484 | D        | Killed a shining eye
  1484 | D        | Reached skill level 10 in Armour
  1486 | D        | Killed a shining eye
  1486 | D        | Reached skill level 15 in Fighting
  1486 | D        | Reached skill level 16 in Axes
  1486 | D        | Killed a shining eye
  1486 | D        | Reached XP level 10. HP: 94/94 MP: 9/9
  1486 | D        | Paralysed by a giant eyeball for 4 turns
  1488 | D        | Killed a shining eye
  1489 | D        | Killed a shining eye
  1493 | D        | Noticed a shining eye
  1493 | D        | Noticed a shining eye
  1494 | D        | Gained mutation: You have a very fast metabolism. [a shining eye]
  1495 | D        | Paralysed by a giant eyeball for 2 turns
  1496 | D        | Gained mutation: Your metabolism is lightning-fast. [a shining eye]
  1497 | D        | Gained mutation: Your body is deteriorating. [a shining eye]
  1499 | D        | Gained mutation: Armour fits poorly on your strangely shaped body. [a shining eye]
  1503 | D        | Gained mutation: You digest meat very inefficiently. [a shining eye]
  1504 | D        | Killed a shining eye
  1505 | D        | Killed a shining eye
  1622 | D        | Found Kenuru's Book Shoppe.
  1622 | D        | Found Theos' Armour Emporium.
  1622 | D        | Found Joitowk's Jewellery Boutique.
  1623 | D        | Found Siblafe's Distillery.
  1627 | D        | Bought a potion of curing for 20 gold pieces
  1648 | D        | Bought the ring of Starshine {rPois SInv Stlth++} for 422 gold pieces
  1685 | D        | Noticed a demonic crawler
  1685 | D        | Noticed a demonic crawler
  1685 | D        | Noticed a demonic crawler
  1685 | D        | Noticed a demonic crawler
  1699 | D        | Killed a demonic crawler
  1699 | D        | Reached skill level 17 in Axes
  1709 | D        | Killed a demonic crawler
  1717 | D        | HP: 1/95 [demonic crawler (4)]
  1720 | D        | Slain by a demonic crawler

Action                   |  1- 3 |  4- 6 |  7- 9 | 10-12 || total
-------------------------+-------+-------+-------+-------++-------
Melee: Hand axe          |    10 |    19 |    39 |    37 ||   105
Invok: Berserk           |     1 |     4 |     6 |     1 ||    12
       Brothers in Arms  |       |       |     2 |     1 ||     3
       Trog's Hand       |       |       |       |     2 ||     2
  Use: Potion            |       |       |     1 |     5 ||     6
       Scroll            |       |       |       |     1 ||     1
 Stab: Distracted        |       |       |       |     1 ||     1
